 Dungeon Crawl Stone Soup version 0.23-a0-644-gb60d84b635 (webtiles) character file.

1979 HereIgoKillingAgain the Martial Artist (level 9, -1/59 HPs)
             Began as a Demonspawn Transmuter on Jan 1, 2019.
             Shot with an arrow by a centaur (9 damage)
             ... on level 7 of the Dungeon.
             The game lasted 00:08:25 (6208 turns).

HereIgoKillingAgain the Martial Artist (DsTm)       Turns: 6208, Time: 00:08:26

Health: -1/59      AC:  4    Str: 11    XL:     9   Next: 1%
Magic:  0/12       EV: 19    Int: 12    God:
Gold:   23         SH:  0    Dex: 19    Spells: 1/12 levels left

rFire    . . .     SeeInvis .     - Unarmed
rCold    + + .     Gourm    .   (shield currently unavailable)
rNeg     . . .     Faith    .   (armour currently unavailable)
rPois    x         Spirit   +   (helmet currently unavailable)
rElec    .         Reflect  .   (cloak currently unavailable)
rCorr    .         Harm     .   (gloves currently unavailable)
MR       .....                  (boots currently unavailable)
Stlth    ++........             A - amulet of Qoizas {+Rage rC++ Int-5 Slay+3}
HPRegen  0.19/turn              k - +2 ring of protection
MPRegen  0.26/turn              l - +4 ring of slaying

@: spider-form (expiring), very slightly contaminated, starving
A: tiny, magic shield, magic regeneration
a: End Transformation, Evoke Berserk Rage


You were on level 7 of the Dungeon.
You were starving.
You were a venomous arachnid creature.
You visited 2 branches of the dungeon, and saw 8 of its levels.

You collected 261 gold pieces.
You spent 238 gold pieces at shops.

Inventory:

Missiles
 a - 93 arrows
Armour
 b - a +0 robe (melded)
Jewellery
 j - a +2 amulet of reflection
 k - a +2 ring of protection (left front leg)
 l - a +4 ring of slaying (right front leg)
 m - a +4 ring of strength {unknown}
 p - an uncursed ring of flight {unknown}
 u - an uncursed ring of wizardry {unknown}
 x - a +2 ring of intelligence {unknown}
 A - the amulet of Qoizas (around neck) {+Rage rC++ Int-5 Slay+3}
   (You found it on level 6 of the Dungeon)

   [amulet of rage]

   It affects your intelligence (-5).
   It affects your accuracy and damage with ranged weapons and melee attacks
   (+3).
   It greatly protects you from cold.
   It lets you go berserk.
 D - a +4 amulet of reflection
Wands
 w - a wand of scattershot (4)
 y - a wand of acid (13)
Scrolls
 c - a scroll of teleportation
 s - 2 scrolls of fear
 v - 3 scrolls of magic mapping
 B - a scroll of torment {unknown}
Potions
 e - a potion of invisibility
 f - 6 potions of curing
 g - 3 potions of lignification
 h - 2 potions of might
 i - 2 potions of ambrosia
 n - a potion of agility
 o - 2 potions of berserk rage
 q - 3 potions of brilliance
 r - 2 potions of haste
 t - a potion of heal wounds
 z - a potion of mutation
Comestibles
 d - 14 rations


   Skills:
 - Level 1.0 Fighting
 - Level 1.7 Dodging
 + Level 8.1 Unarmed Combat
 - Level 2.0 Spellcasting
 + Level 7.8 Transmutations


You had one spell level left.
You knew the following spells:

 Your Spells              Type           Power        Failure   Level  Hunger
a - Beastly Appendage     Tmut           ###...       5%          1    ##.....
b - Sticks to Snakes      Tmut           ###.....     7%          2    ###....
c - Spider Form           Tmut/Pois      ##........   34%         3    ####...
d - Blade Hands           Tmut           ###.......   52%         5    ######.

Your spell library contained the following spells:

 Spells                   Type           Power        Failure   Level  Hunger
 Ice Form                 Ice/Tmut       ##......     69%         4    #####..


Dungeon Overview and Level Annotations

Branches:
Dungeon (7/15)             Temple (1/1) D:4

Altars:
Ashenzari
Cheibriados
Dithmenos
Elyvilon
Fedhas
Gozag
Hepliaklqana
Kikubaaqudgha
Makhleb
Nemelex Xobeh
Okawaru
Sif Muna
Trog
Wu Jian
Xom
Zin
The Shining One

Shops:
D:4 *(=!=


Innate Abilities, Weirdness & Mutations

((You have large cloven feet.))
((You are partially covered in thin metallic scales. (AC +2)))
When hurt, damage is shared between your health and your magic reserves.
You regenerate magic rapidly.


Message History

The centaur is heavily wounded.
The centaur hits you!
The big kobold hits you with a +0 dagger of venom!
You hit the big kobold.
The big kobold is poisoned.
The big kobold is lightly wounded.
Your transformation is almost over.
The centaur misses you. The centaur hits you!
You hit the big kobold.
The big kobold is moderately wounded.
The centaur completely misses you.
You hit the centaur but do no damage.
The centaur looks as sick as possible!
The centaur is severely wounded.
The big kobold hits you with a +0 dagger of venom.
* * * LOW HITPOINT WARNING * * *
The centaur hits you!
* * * LOW HITPOINT WARNING * * *
Unknown command.
The centaur wields a +0 shortbow.
The centaur shoots an arrow.
The arrow hits you!
You die...

#.#### #.# #.#..
#.#######...
##.##...#...##
..........(.รท##
#.........)><# #
##.........)).#
#.###.#...^.........#
#....ZK.s...(......##
######cK(.#...#...##
#...(#...#####
#...).(### #.##.###
#....# ###..# ####


You could see a big kobold, a centaur, a kobold and a water moccasin skeleton.

Vanquished Creatures
  Grinder (D:6)
  A hippogriff (D:7)
  Sigmund (D:6)
  An ice beast (D:5)
  2 phantoms
  4 ogres
  A centaur (D:5)
  A bullfrog (D:6)
  2 scorpions
  A howler monkey (D:6)
  2 hounds
  4 orc wizards
  2 orc priests
  An iguana (D:5)
  4 worker ants
  A hound zombie (D:5)
  A hound skeleton (D:5)
  A howler monkey zombie (D:5)
  9 adders
  4 gnolls (D:3)
  3 adder skeletons
  A dart slug (D:1)
  2 leopard geckos
  14 orcs
  3 ball pythons
  6 bats
  4 giant cockroaches
  4 goblins
  11 hobgoblins
  4 jackals (D:3)
  5 quokkas
  4 frilled lizards
  A jackal skeleton (D:3)
  9 kobolds
  A leopard gecko skeleton (D:4)
  8 rats
124 creatures vanquished.

Notes
Turn   | Place    | Note
-------+----------+-------------------------------------------
     0 | D:1      | HereIgoKillingAgain the Demonspawn Transmuter began the
                  | quest for the Orb.
     0 | D:1      | Reached XP level 1. HP: 15/15 MP: 3/3
   149 | D:1      | Reached skill level 3 in Unarmed Combat
   207 | D:1      | Gained mutation: You are partially covered in thin metallic
                  | scales. (AC +2) [demonic ancestry]
   207 | D:1      | Reached XP level 2. HP: 15/21 MP: 5/5
  1090 | D:1      | Learned a level 2 spell: Sticks to Snakes
  1365 | D:2      | Gained mutation: You have large cloven feet. [demonic
                  | ancestry]
  1365 | D:2      | Reached XP level 3. HP: 26/26 MP: 6/6
  1771 | D:3      | Learned a level 3 spell: Spider Form
  1880 | D:3      | Gained mutation: When hurt, damage is shared between your
                  | health and your magic reserves. [demonic ancestry]
  1880 | D:3      | Reached XP level 4. HP: 28/32 MP: 7/7
  2010 | D:3      | Reached skill level 4 in Unarmed Combat
  2854 | D:4      | Reached XP level 5. HP: 30/37 MP: 5/8
  2878 | D:4      | Found a staircase to the Ecumenical Temple.
  2897 | D:4      | Found Zaebrosaz's General Store.
  2916 | Temple   | Entered the Ecumenical Temple
  3176 | D:4      | Found Cegomp's Distillery.
  3181 | D:4      | Bought a potion of curing for 39 gold pieces
  3181 | D:4      | Bought a potion of degeneration for 13 gold pieces
  3181 | D:4      | Bought a potion of heal wounds for 65 gold pieces
  3210 | D:4      | Noticed an ogre
  3228 | D:4      | Killed an ogre
  3228 | D:4      | Gained mutation: You regenerate magic rapidly. [demonic
                  | ancestry]
  3228 | D:4      | Reached XP level 6. HP: 43/43 MP: 4/9
  3253 | D:4      | Found Loulaj's Jewellery Shoppe.
  3291 | D:4      | Reached skill level 5 in Unarmed Combat
  3379 | D:4      | Found Heig's Jewellery Shop.
  3590 | D:4      | Found Mapseq's Antique Weapon Shop.
  3898 | D:4      | Bought a scroll of remove curse for 39 gold pieces
  3963 | D:5      | Entered Level 5 of the Dungeon
  4038 | D:5      | Reached skill level 5 in Transmutations
  4044 | D:5      | Reached XP level 7. HP: 28/48 MP: 4/10
  4314 | D:5      | Found an ancient bone altar of Kikubaaqudgha.
  4320 | D:5      | Reached skill level 6 in Unarmed Combat
  4744 | D:5      | Found an ornate altar of the Wu Jian Council.
  4784 | D:5      | Reached XP level 8. HP: 42/54 MP: 9/11
  5126 | D:6      | Noticed Grinder
  5126 | D:6      | Paralysed by Grinder for 3 turns
  5137 | D:6      | Killed Grinder
  5137 | D:6      | Reached skill level 7 in Unarmed Combat
  5234 | D:4      | Bought a +2 amulet of reflection for 82 gold pieces
  5289 | D:6      | Found an iron altar of Okawaru.
  5569 | D:6      | Noticed Sigmund
  5638 | D:6      | Killed Sigmund
  5768 | D:6      | Got a smoking zirconium amulet
  5785 | D:6      | Found an opulent altar of Gozag.
  5819 | D:6      | Identified the amulet of Qoizas {+Rage rC++ Int-5 Slay+3}
                  | (You found it on level 6 of the Dungeon)
  5828 | D:6      | Learned a level 5 spell: Blade Hands
  5945 | D:7      | Noticed a hippogriff
  5953 | D:7      | Killed a hippogriff
  5953 | D:7      | Reached skill level 8 in Unarmed Combat
  5961 | D:7      | Reached XP level 9. HP: 17/59 MP: 3/12
  6208 | D:7      | Shot with an arrow by a centaur

Vault maps used:
D:1:      tarquinn_simple_flora_water_c, minmay_misc_feat_encased
D:3:      corexii_hall_statues_i
D:4:      minmay_temple_entry_trees, first_ration, serial_shops, shop,
          nicolae_shop_behind_doors, kennysheep_little_box,
          kennysheep_mini_moat, nicolae_shop_window_shopping
D:5:      lemuel_crystal_altar, basic_altar
D:6:      kennysheep_mini, old_standard_altar, kennysheep_windowed_goal,
          uniq_grinder, uniq_sigmund
D:7:      eat_drink_and_be_merry_uskayaw
Temple:   minmay_temple_curvy_branch

Skill      XL: |  1  2  3  4  5  6  7  8 |
---------------+-------------------------+-----
Transmutations | 2 3 4 5 6 7 |  7.8
Unarmed Combat | 3 4 5 6 8 |  8.1
Fighting       | |  1.0
Dodging        | |  1.7
Spellcasting   | |  2.0

Action                   |  1- 3 |  4- 6 |  7- 9 || total
-------------------------+-------+-------+-------++-------
Melee: Unarmed           |   136 |   112 |   131 ||   379
       Kick              |     7 |    19 |     9 ||    35
       Headbutt          |       |     6 |       ||     6
       Punch             |       |     1 |     2 ||     3
 Cast: Beastly Appendage |       |     5 |       ||     5
       Spider Form       |       |     3 |    12 ||    15
       Sticks to Snakes  |       |     1 |     9 ||    10
  Use: Scroll            |     4 |     8 |     6 ||    18
       Potion            |       |       |     3 ||     3
 Stab: Sleeping          |     1 |       |       ||     1
       Invisible         |       |       |     1 ||     1
  Eat: Chunk             |     3 |     6 |     5 ||    14
       Ration            |       |       |     1 ||     1
Armor: Robe              |    33 |    21 |    16 ||    70
       Skin              |       |     1 |     9 ||    10
Dodge: Dodged            |    61 |    80 |    99 ||   240
Block: Other             |       |       |     1 ||     1

Table legend:
 A = Non-vault XP
 B = Vault XP
 C = Vault XP percentage of total XP
 D = Non-vault monster count
 E = Vault monster count
 F = Vault count percentage of total count
                 A         B        C        D         E       F
            +---------+---------+-------+---------+---------+-------
      Total |    2328 |     500 |  17.7 |     122 |       2 |   1.6
            +---------+---------+-------+---------+---------+-------
        D:1 |      29 |       0 |   0.0 |      18 |       0 |   0.0
        D:2 |      53 |       0 |   0.0 |      23 |       0 |   0.0
        D:3 |     100 |       0 |   0.0 |      21 |       0 |   0.0
        D:4 |     452 |       0 |   0.0 |      16 |       0 |   0.0
        D:5 |    1066 |       0 |   0.0 |      26 |       0 |   0.0
        D:6 |     257 |     500 |  66.1 |      10 |       2 |  16.7
        D:7 |     371 |       0 |   0.0 |       8 |       0 |   0.0
            +---------+---------+-------+---------+---------+-------
